 Dungeon Crawl Stone Soup version 0.19.5 (webtiles) character file.

116347 greprep the Peltast (level 16, -13/149 HPs)
             Began as a Minotaur Fighter on May 2, 2017.
             Was the Champion of Elyvilon.
             Mangled by Dissolution (20 damage)
             ... while paralysed by a great orb of eyes
             ... on level 3 of the Pits of Slime.
             The game lasted 01:47:52 (28209 turns).

greprep the Peltast (Minotaur Fighter)             Turns: 28209, Time: 01:47:53

Health: -13/149    AC: 11    Str: 34    XL:     16   Next: 20%
Magic:  1/16       EV:  2    Int:  8    God:    Elyvilon [******]
Gold:   1686       SH:  0    Dex: 16    Spells: 0 memorised, 15 levels left

rFire  . . .     SeeInvis .     F - +8 scimitar (flame)
rCold  . . .     Gourm    .     h - +8 ring mail of Goodbye, My Love {Str+4}
rNeg   . . .     Faith    .     c - +1 shield
rPois  .         Spirit   .     R - +1 hat {Int+3}
rElec  .         Reflect  .     O - +2 cloak
rCorr  +         Harm     .     e - +0 pair of gloves
MR     +....                    B - +0 pair of boots "Dezaenie" {Str+3}
Stlth  ++........               (no amulet)
                                C - +2 ring of slaying
                                S - ring of resist corrosion

@: paralysed, mighty, corroded, very slightly contaminated, hasted
A: retaliatory headbutt, horns 2
a: Lesser Healing, Heal Other, Purification, Greater Healing, Divine Vigour,
Divine Protection, Renounce Religion


You were on level 3 of the Pits of Slime.
You worshipped Elyvilon.
Elyvilon was exalted by your worship.
You were not hungry.

You visited 4 branches of the dungeon, and saw 25 of its levels.
You also visited: Sewer and Ice Cave.

You collected 2536 gold pieces.
You spent 850 gold pieces at shops.

Inventory:

Hand Weapons
 F - a +8 scimitar of flaming (weapon)
Missiles
 P - 14 tomahawks (quivered)
Armour
 a - a +1 chain mail of fire resistance
 c - a +1 shield (worn)
 e - a +0 pair of gloves (worn)
 h - the +8 ring mail of Goodbye, My Love (worn) {Str+4}
   (You found it on level 7 of the Dungeon)

   It affects your strength (+4).
 A - a +0 cloak of invisibility
 B - the +0 pair of boots "Dezaenie" (worn) {Str+3}
   (You found it on level 10 of the Dungeon)

   It affects your strength (+3).
 D - the -2 pair of boots of Experimentation {rElec Str-2 Int+5}
   (You found it on level 5 of the Dungeon)

   It affects your strength (-2).
   It affects your intelligence (+5).
   It insulates you from electricity.
 E - a +2 ring mail of cold resistance
 O - a +2 cloak (worn)
 R - a +1 hat of intelligence (worn)
Jewellery
 z - an uncursed ring of protection from magic
 C - a +2 ring of slaying (right hand)
 N - an uncursed ring of protection from fire
 S - a ring of resist corrosion (left hand)
Wands
 i - a wand of disintegration (12/24)
 p - a wand of disintegration (15/24)
 v - a wand of slowing (30/48)
 x - a wand of paralysis (16/24)
 y - a wand of confusion (26/48)
 I - a wand of enslavement (11/24)
 V - a wand of confusion (25/48)
 Z - a wand of confusion (29/48)
Scrolls
 b - 4 scrolls of fog {unknown}
 g - 3 scrolls of vulnerability {unknown}
 l - 6 scrolls of enchant armour
 n - 5 scrolls of recharging
 w - 4 scrolls of blinking
 G - a scroll of summoning {unknown}
 J - a scroll of silence {unknown}
 M - 6 scrolls of remove curse
 W - a scroll of fear
 X - 3 scrolls of teleportation
 Y - 2 scrolls of amnesia
Potions
 d - a potion of might
 j - 2 potions of cure mutation
 k - 5 potions of curing
 s - 2 potions of flight
 t - 4 potions of berserk rage
 u - 2 potions of resistance
 K - 3 potions of agility
 L - 2 potions of invisibility
 Q - 4 potions of ambrosia
 T - a potion of heal wounds
Comestibles
 f - a bread ration
 m - 10 royal jellies
 q - 12 meat rations
 r - 21 fruits


   Skills:
 + Level 15.2 Fighting
   Level 1.9(10.7) Short Blades
 + Level 16.8(16.9) Long Blades
 + Level 5.5 Throwing
 + Level 11.1 Armour
 + Level 12.0 Dodging
 + Level 4.8 Stealth
 + Level 17.5 Shields
 + Level 2.5 Invocations
 + Level 0.3 Evocations


You had 15 spell levels left.
You didn't know any spells.

Dungeon Overview and Level Annotations

Branches:
Dungeon (13/15)            Temple (0/1) D:6            Lair (6/6) D:10
  Swamp (0/4) Lair:3       Spider (0/4) Lair:4        Slime (4/5) Lair:6
    Orc (2/2) D:10            Elf (0/3) Orc:2
 Vaults: D:13-14

Altars:
Cheibriados
Fedhas
Qazlal
Ru
Trog
Uskayaw
Jiyva

Shops:
Orc:2 :%%*

Annotations:
Slime:3 Dissolution


Innate Abilities, Weirdness & Mutations

You reflexively headbutt those who attack you in melee.
You have a pair of horns on your head.


Message History

Dissolution hits you!!
* * * LOW HITPOINT WARNING * * *
The acid corrodes you!
You are splashed with acid!
The acid burns!
You resist.
* * * LOW HITPOINT WARNING * * *
The floating eye's view fixates on you.
The great orb of eyes bites you but does no damage.
Dissolution hits you.
* * * LOW HITPOINT WARNING * * *
You are splashed with acid!
The acid burns!
You resist.
* * * LOW HITPOINT WARNING * * *
Dissolution hits you.
* * * LOW HITPOINT WARNING * * *
You are splashed with acid!
The acid burns!
You resist.
* * * LOW HITPOINT WARNING * * *
The eye of draining gazes at you.
You feel your power leaking away. The great orb of eyes bites you.
* * * LOW HITPOINT WARNING * * *
Dissolution hits you!!
You die...

##.###..........<...##
#....##............#.##
#.........#.##..^....#
##..................##
##.................##
#.................##
##.#..........#....##
#..........G..#.....#
##.#......G@.......##
###......JGG.....##
##...#..>.......## ###
##.#.........##...#### ##.##
#..................#.###...#
##..<......................#
#...........................
##.##......................#
#.#......#................##


You could see Dissolution, a great orb of eyes, 2 eyes of draining and a
floating eye.

Vanquished Creatures
  6 acid blobs
  Gastronok (D:11)
  Kirke (D:13)
  5 azure jellies
  An orc warlord (Orc:1)
  Azrael (Orc:2)
  A white draconian (IceCv)
  Nessos (Orc:2)
  The ghost of Mesmaeker13 the Basher, a journeyman OgHu of Okawaru (D:13)
  Snorg (D:10)
  2 fire dragons (Lair:6)
  2 great orbs of eyes (Slime:2)
  Erolcha (Orc:1)
  Josephine (Orc:2)
  Harold (D:11)
  8 hydras
  A death knight (D:12)
  Erica (D:10)
  A centaur warrior (D:13)
  2 death yaks
  A tengu warrior (D:13)
  3 orc high priests (Orc:2)
  Urug (Lair:4)
  2 lindwurms (Lair:6)
  3 hill giants
  Pikel (D:7)
  5 orc knights (Orc:2)
  3 ugly things
  A cyclops (D:7)
  5 orc sorcerers (Orc:2)
  An oklob plant (Lair:5)
  6 black mambas
  Maurice (D:9)
  Psyche (D:8)
  10 elephants (Lair:6)
  8 torpor snails
  An ice statue (IceCv)
  9 spiny frogs
  8 rime drakes
  An efreet (D:13)
  9 komodo dragons
  3 kobold demonologists
  2 tengu conjurers (D:13)
  A jumping spider (Lair:4)
  5 trolls
  A troll (shapeshifter) (D:13)
  3 tyrant leeches (Lair:6)
  2 queen bees
  20 polar bears
  4 two-headed ogres
  9 hornets
  14 blink frogs
  7 hippogriffs
  23 slime creatures
  A spriggan (Lair:6)
  A redback (Lair:4)
  A water elemental (D:13)
  2 fire elementals (Orc:2)
  37 yaks
  4 wyverns
  3 wraiths
  2 golden eyes (Slime:2)
  8 basilisks
  3 hungry ghosts
  Grum (D:10)
  3 steam dragons (Lair:6)
  3 wargs (Orc:2)
  A soldier ant (D:12)
  6 porcupines
  2 hell hounds (Orc:2)
  13 water moccasins
  2 swamp drakes (Lair:6)
  2 sky beasts
  4 ice beasts
  26 orc warriors
  2 black bears
  2 necrophages
  16 centaurs
  4 eyes of draining
  12 ogres
  4 phantoms
  31 wolves
  7 crocodiles
  14 big kobolds
  A gnoll sergeant (Orc:2)
  17 bullfrogs
  A wyvern zombie (D:12)
  6 scorpions
  9 wights
  48 killer bees
  2 electric eels (D:13)
  4 howler monkeys
  6 centaur zombies
  4 crimson imps
  2 bullfrog zombies
  A quasit (D:12)
  23 orc priests
  7 jellies
  A bullfrog skeleton (D:7)
  8 hounds
  28 orc wizards
  4 centaur skeletons
  Crazy Yiuf (D:4)
  10 iguanas
  7 hell rats (Lair:4)
  5 worker ants
  A hound zombie (D:9)
  2 worker ant zombies
  A howler monkey zombie (D:6)
  7 gnolls
  17 adders
  7 shadow imps
  2 oozes
  An adder skeleton (D:6)
  2 worms
  A dart slug (D:1)
  7 leopard geckos
  73 orcs
  2 ball pythons
  3 giant cockroaches
  4 goblins
  9 hobgoblins
  10 jackals
  6 quokkas
  A ball python skeleton (D:4)
  9 bats
  8 frilled lizards
  22 kobolds
  A leopard gecko skeleton (D:5)
  A quokka skeleton (D:9)
  10 rats
  A bush (Lair:5)
  3 plants
836 creatures vanquished.

Vanquished Creatures (others)
  4 humans (D:13)
  2 wolves (IceCv)
  An orc priest (D:7)
  A hound (D:7)
  An orc wizard (D:4)
  2 gnolls (D:7)
  A shadow imp (D:7)
  An adder zombie (D:7)
  2 orcs (D:7)
  A jackal (D:7)
  A fungus (Lair:6)
  7 plants
24 creatures vanquished.

Grand Total: 860 creatures vanquished

Notes
Turn   | Place    | Note
-------+----------+-------------------------------------------
     0 | D:1      | greprep the Minotaur Fighter began the quest for the Orb.
     0 | D:1      | Reached XP level 1. HP: 19/19 MP: 0/0
   380 | D:1      | Reached XP level 2. HP: 27/27 MP: 1/1
   535 | D:1      | Reached skill level 4 in Shields
   656 | D:2      | Reached XP level 3. HP: 32/33 MP: 2/2
   913 | D:2      | Reached XP level 4. HP: 41/41 MP: 3/3
  1643 | D:3      | Found a glowing drain.
  1649 | Sewer    | Entered a sewer
  1708 | Sewer    | Noticed a big kobold
  1744 | Sewer    | Killed a big kobold
  1744 | Sewer    | Reached skill level 1 in Dodging
  1744 | Sewer    | Reached skill level 5 in Shields
  1744 | Sewer    | Reached XP level 5. HP: 38/47 MP: 4/4
  1807 | Sewer    | Found a white marble altar of Elyvilon.
  1818 | Sewer    | Became a worshipper of Elyvilon the Healer
  2051 | D:4      | Reached XP level 6. HP: 51/53 MP: 5/5
  2096 | D:4      | Reached skill level 5 in Fighting
  2096 | D:4      | Reached skill level 5 in Long Blades
  2303 | D:4      | Reached skill level 5 in Armour
  2482 | D:4      | Reached XP level 7. HP: 27/61 MP: 6/6
  2925 | D:4      | Found a blossoming altar of Fedhas.
  2925 | D:4      | Found a hide-covered altar of Uskayaw.
  2935 | D:4      | Found a bloodstained altar of Trog.
  3009 | D:4      | Reached skill level 6 in Shields
  3113 | D:4      | Found a sacrificial altar of Ru.
  3213 | D:4      | Reached * piety under Elyvilon
  3270 | D:4      | Found a runed door.
  3518 | D:4      | Noticed Crazy Yiuf
  3528 | D:4      | Killed Crazy Yiuf
  3809 | D:5      | Entered Level 5 of the Dungeon
  4021 | D:5      | Reached ** piety under Elyvilon
  4051 | D:5      | Got a pair of ancient boots
  4057 | D:5      | Identified the cursed -2 pair of boots of Experimentation {rElec Str-2 Int+5} (You found it on level 5 of the Dungeon)
  4655 | D:6      | Reached skill level 1 in Short Blades
  4655 | D:6      | Reached skill level 7 in Shields
  4655 | D:6      | Reached XP level 8. HP: 70/70 MP: 7/7
  4997 | D:6      | Reached *** piety under Elyvilon
  5108 | D:6      | Found a staircase to the Ecumenical Temple.
  5218 | D:7      | Reached skill level 1 in Stealth
  5337 | D:7      | Noticed Pikel
  5568 | D:7      | Got a jewelled ring mail
  5579 | D:7      | Identified the +8 ring mail of Goodbye, My Love {Str+4} (You found it on level 7 of the Dungeon)
  5778 | D:7      | Killed Pikel
  5778 | D:7      | Reached skill level 8 in Shields
  5778 | D:7      | Reached XP level 9. HP: 48/75 MP: 8/8
  6277 | D:7      | Noticed a cyclops
  6305 | D:7      | Killed a cyclops
  6681 | D:7      | Reached skill level 9 in Shields
  6744 | D:7      | Got a smoking ring mail
  6755 | D:7      | Identified the cursed +1 ring mail "Nuwos" {Dex+6 Stlth-} (You found it on level 7 of the Dungeon)
  6866 | D:8      | Reached skill level 10 in Long Blades
  6866 | D:8      | Reached XP level 10. HP: 71/86 MP: 9/9
  6991 | D:8      | Reached skill level 5 in Dodging
  7128 | D:8      | Noticed Psyche
  7140 | D:8      | Killed Psyche
  7982 | D:8      | Reached skill level 10 in Shields
  8169 | D:8      | Reached **** piety under Elyvilon
  8785 | D:9      | Reached XP level 11. HP: 65/94 MP: 10/10
  9039 | D:9      | Noticed Maurice
  9063 | D:9      | Killed Maurice
  9264 | D:9      | Reached skill level 11 in Shields
  9409 | D:10     | Entered Level 10 of the Dungeon
  9511 | D:10     | Found a staircase to the Lair.
  9671 | D:10     | Noticed a hill giant
  9680 | D:10     | Killed a hill giant
  9690 | D:10     | Noticed a hill giant
  9699 | D:10     | Killed a hill giant
  9702 | D:10     | Got a pair of heavily runed boots
  9721 | D:10     | Identified the cursed +0 pair of boots "Dezaenie" {Str+3} (You found it on level 10 of the Dungeon)
  9742 | D:10     | Noticed Snorg
  9759 | D:10     | Killed Snorg
  9982 | D:10     | Noticed Erica
  9989 | D:10     | Found a snail-covered altar of Cheibriados.
  9997 | D:10     | Killed Erica
 10187 | D:10     | Noticed Grum
 10193 | D:10     | Reached skill level 12 in Shields
 10203 | D:10     | Killed Grum
 10245 | D:10     | Found a staircase to the Orcish Mines.
 10278 | Orc:1    | Entered Level 1 of the Orcish Mines
 10494 | Orc:1    | Noticed Erolcha
 10494 | Orc:1    | Paralysed by Erolcha for 4 turns
 10501 | Orc:1    | Killed Erolcha
 10650 | Orc:1    | Reached ***** piety under Elyvilon
 10757 | Orc:2    | Entered Level 2 of the Orcish Mines
 10757 | Orc:2    | Noticed an orc sorcerer
 10761 | Orc:2    | Noticed an orc warlord
 10771 | Orc:2    | Killed an orc sorcerer
 10778 | Orc:1    | Reached XP level 12. HP: 70/105 MP: 11/11
 11377 | Orc:1    | Killed an orc warlord
 11615 | Orc:2    | Noticed Josephine
 11636 | Orc:2    | Killed Josephine
 11839 | Orc:2    | Found a staircase to the Elven Halls.
 11842 | Orc:2    | Noticed Azrael
 11879 | Orc:2    | Killed Azrael
 12215 | Orc:2    | Reached skill level 1 in Throwing
 12229 | Orc:2    | Reached skill level 10 in Fighting
 12383 | Orc:2    | Reached skill level 13 in Shields
 12392 | Orc:2    | Noticed an orc high priest
 12422 | Orc:2    | Killed an orc high priest
 12422 | Orc:2    | Reached skill level 1 in Invocations
 12618 | Orc:2    | Noticed an orc high priest
 12627 | Orc:2    | Killed an orc high priest
 12747 | Orc:2    | Noticed an orc high priest
 12754 | Orc:2    | Killed an orc high priest
 12767 | Orc:2    | Found Ruestyne's Food Shop.
 12767 | Orc:2    | Found Xuizir's Book Shop.
 12960 | Orc:2    | Reached XP level 13. HP: 86/114 MP: 13/13
 12963 | Orc:2    | Found Soduq's Food Emporium.
 12964 | Orc:2    | Found Jemmor Azizu's Assorted Antiques.
 13344 | Orc:2    | Noticed Nessos
 13372 | Orc:2    | Killed Nessos
 13571 | Orc:2    | Bought a glowing chain mail for 315 gold pieces
 13571 | Orc:2    | Bought a scroll of remove curse for 90 gold pieces
 13593 | Orc:2    | Bought a bread ration for 70 gold pieces
 13593 | Orc:2    | Bought a bread ration for 70 gold pieces
 13593 | Orc:2    | Bought a bread ration for 70 gold pieces
 13593 | Orc:2    | Bought a bread ration for 70 gold pieces
 13603 | Orc:2    | Bought a bread ration for 55 gold pieces
 13603 | Orc:2    | Bought a bread ration for 55 gold pieces
 13603 | Orc:2    | Bought a bread ration for 55 gold pieces
 13976 | D:11     | Reached skill level 5 in Throwing
 13985 | D:11     | Found a labyrinth entrance.
 13985 | D:11     | Noticed Gastronok
 14014 | D:11     | Killed Gastronok
 14142 | D:11     | Noticed Harold
 14154 | D:11     | Killed Harold
 14713 | D:12     | Reached skill level 14 in Shields
 15378 | D:12     | Found a stormy altar of Qazlal.
 16063 | D:13     | Noticed Mesmaeker13's ghost (journeyman OgHu)
 16074 | D:13     | Noticed Kirke
 16088 | D:13     | Killed Mesmaeker13's ghost
 16100 | D:13     | Killed Kirke
 16354 | D:13     | Reached skill level 10 in Armour
 16651 | D:13     | Reached XP level 14. HP: 127/127 MP: 14/14
 17296 | Lair:1   | Entered Level 1 of the Lair of Beasts
 17354 | Lair:1   | Reached skill level 15 in Long Blades
 17542 | Lair:1   | Reached ****** piety under Elyvilon
 17774 | Lair:1   | Reached skill level 15 in Shields
 18121 | Lair:2   | Reached skill level 10 in Dodging
 19076 | Lair:3   | Found a staircase to the Swamp.
 20281 | Lair:4   | Noticed Urug
 20285 | Lair:4   | Killed Urug
 20710 | Lair:4   | Found a hole to the Spider Nest.
 20945 | Lair:5   | Found a frozen archway.
 20954 | IceCv    | Entered an ice cave
 21657 | IceCv    | Got a warped scale mail
 21668 | IceCv    | Identified the cursed +1 scale mail of the Morning {+Fly rC- MR- MP+9} (You found it in an ice cave)
 22316 | IceCv    | Identified the Handbook of Cold
 23506 | Lair:6   | Entered Level 6 of the Lair of Beasts
 23839 | Lair:6   | Reached XP level 15. HP: 132/137 MP: 15/15
 23898 | Lair:6   | Reached skill level 16 in Shields
 24604 | Lair:6   | Found a runed door.
 25053 | Lair:6   | Found a viscous altar of Jiyva.
 25053 | Lair:6   | Found a staircase to the Slime Pits.
 25650 | Slime:1  | Entered Level 1 of the Pits of Slime
 25650 | Slime:1  | Noticed an azure jelly
 25659 | Slime:1  | Killed an azure jelly
 25779 | Slime:1  | Noticed an azure jelly
 25781 | Slime:1  | Noticed an acid blob
 25786 | Slime:1  | Killed an azure jelly
 25799 | Slime:1  | Killed an acid blob
 25996 | Slime:1  | Noticed an acid blob
 26003 | Slime:1  | Killed an acid blob
 26003 | Slime:1  | Reached skill level 17 in Shields
 26569 | Slime:2  | Noticed an azure jelly
 26585 | Slime:1  | Killed an azure jelly
 26599 | Slime:1  | Noticed an azure jelly
 26611 | Slime:1  | Killed an azure jelly
 26754 | Slime:2  | Noticed an azure jelly
 26762 | Slime:2  | Killed an azure jelly
 27015 | Slime:2  | Reached XP level 16. HP: 147/147 MP: 16/16
 27392 | Slime:4  | Noticed Dissolution
 27392 | Slime:4  | Noticed an acid blob
 27392 | Slime:4  | Noticed an acid blob
 27401 | Slime:3  | Killed an acid blob
 27546 | Slime:2  | Noticed an acid blob
 27553 | Slime:2  | Killed an acid blob
 27553 | Slime:2  | Reached skill level 15 in Fighting
 27606 | Slime:2  | Noticed an acid blob
 27877 | Slime:2  | Killed an acid blob
 28072 | Slime:2  | Noticed an acid blob
 28074 | Slime:2  | Killed an acid blob
 28205 | Slime:3  | Paralysed by a great orb of eyes for 6 turns
 28208 | Slime:3  | HP: 7/149 [great orb of eyes[Dissolution] (5)]
 28209 | Slime:3  | Mangled by Dissolution

Skill      XL: |  1  2  3  4  5  6  7  8  9 10 11 12 13 14 15 16 |
---------------+-------------------------------------------------+-----
Fighting       | 4 5 6 7 8 9 10 12 13 14 15 | 15.2
Shields        | 4 5 7 8 9 10 12 13 14 15 17 | 17.5
Armour         | 4 5 7 8 9 10 11 | 11.1
Long Blades    | 3 4 5 6 7 10 11 13 14 15 16 | 16.8
Dodging        | 1 2 3 4 6 7 8 9 10 11 12 | 12.0
Short Blades   | 1 |  1.9
Stealth        | 1 2 3 4 |  4.8
Throwing       | 4 5 |  5.5
Invocations    | 1 2 |  2.5
Evocations     | |  0.3

Action                   |  1- 3 |  4- 6 |  7- 9 | 10-12 | 13-15 | 16-18 || total
-------------------------+-------+-------+-------+-------+-------+-------++-------
Melee: Long sword        |    88 |   168 |   311 |   466 |       |       ||  1033
       Headbutt          |    13 |    28 |    95 |   179 |   373 |    35 ||   723
       Short sword       |       |       |    53 |       |       |       ||    53
       Scimitar          |       |       |       |   272 |  1288 |    72 ||  1632
Throw: Tomahawk          |       |       |       |    49 |    19 |     2 ||    70
Invok: Greater Healing   |       |       |       |     3 |     8 |     5 ||    16
Evoke: Fan of gales      |       |       |       |       |     1 |       ||     1
  Use: Scroll            |     5 |     7 |     7 |    11 |    15 |     2 ||    47
       Potion            |     1 |     2 |     1 |     2 |     1 |     8 ||    15
 Stab: Sleeping          |       |       |       |       |     8 |       ||     8
       Distracted        |       |       |       |       |     2 |     1 ||     3
       Confused          |       |       |       |       |     1 |       ||     1
  Eat: Meat ration       |       |     1 |     1 |       |     2 |       ||     4
       Bread ration      |       |     1 |     1 |     4 |     6 |     2 ||    14
       Pizza             |       |       |     1 |       |       |       ||     1
       Beef jerky        |       |       |     1 |       |     4 |       ||     5
       Royal jelly       |       |       |       |     3 |     2 |       ||     5
       Fruit             |       |       |       |     1 |     3 |       ||     4
Armor: Scale mail        |    50 |    68 |    79 |       |       |       ||   197
       Ring mail         |       |       |    48 |   173 |   246 |    25 ||   492
Dodge: Dodged            |    33 |    34 |   107 |   281 |   479 |    28 ||   962
Block: Shield            |    71 |    93 |   247 |   456 |   777 |    23 ||  1667
       Rpst.: Long sword |     5 |     9 |    31 |    46 |       |       ||    91
       Scimitar          |       |       |       |    16 |    88 |     8 ||   112
